 Dungeon Crawl Stone Soup version 0.30-a0-360-g447f08457e (webtiles) character file.

Game seed: 12871851637270837117

2292 kingsuperguy the Cleaver (level 9, -2/75 HPs)
             Began as a Hill Orc Fighter on Nov 14, 2022.
             Was an Initiate of Yredelemnul.
             Slain by a hound (3 damage)
             ... on level 6 of the Dungeon.
             The game lasted 00:32:07 (8696 turns).

kingsuperguy the Cleaver (Hill Orc Fighter)         Turns: 8696, Time: 00:32:08

Health: -2/75      AC: 12    Str: 23    XL:     9   Next: 40%
Magic:  0/19       EV: 15    Int:  8    God:    Yredelemnul [......]
Gold:   401        SH:  4    Dex: 10    Spells: 10/10 levels left

rFire   . . .      SeeInvis .    a - +0 war axe
rCold   . . .      Faith    .    c - +0 buckler
rNeg    . . .      Spirit   +    F - +3 ring mail
rPois   .          Reflect  .    t - +0 helmet
rElec   .          Harm     .    (no cloak)
rCorr   .          Rampage  .    (no gloves)
Will    .....                    G - +0 pair of boots
Stlth   +.........               y - amulet of guardian spirit
HPRegen 0.32/turn                o - ring of magical power
MPRegen 0.16/turn                x - +4 ring of evasion

@: about to teleport
A: no striking features
a: Renounce Religion, Recall Undead Harvest


You were on level 6 of the Dungeon.
You worshipped Yredelemnul.
Yredelemnul was noncommittal.
You visited 1 branch of the dungeon, and saw 6 of its levels.
You also visited: Sewer.

You collected 464 gold pieces.
You spent 63 gold pieces at shops.

Inventory:

Hand Weapons
 a - a +0 war axe (weapon)
 f - a +0 spear
 r - a +0 long sword
 C - a +0 spear
 I - a +1 dagger of speed
 K - a +0 falchion of distortion
 S - a +0 shortbow
Missiles
 h - 28 stones (quivered)
 L - 6 poisoned darts
 M - a throwing net
 O - 5 boomerangs
Armour
 b - a +0 scale mail
 c - a +0 buckler (worn)
 t - a +0 helmet (worn)
 A - a +0 chain mail
 F - a +3 ring mail (worn)
 G - a +0 pair of boots (worn)
 H - a +0 buckler
Magical Staves
 E - a staff of death
Jewellery
 o - a ring of magical power (left hand)
 x - a +4 ring of evasion (right hand)
 y - an amulet of guardian spirit (around neck)
 P - a ring of magical power
Wands
 n - a wand of paralysis (6)
 w - a wand of iceblast (5)
 J - a wand of flame (8)
Scrolls
 g - a scroll of blinking {unknown}
 i - 2 scrolls of fear {unknown}
 j - a scroll of silence {unknown}
 k - 2 scrolls of teleportation
 p - 3 scrolls of identify
 q - 2 scrolls of enchant weapon {unknown}
 s - a scroll of magic mapping {unknown}
 u - a scroll of brand weapon {unknown}
 v - 4 scrolls of amnesia {unknown}
 z - 3 scrolls of enchant armour {unknown}
 B - 3 scrolls of vulnerability {unknown}
 Q - a scroll of poison {unknown}
 R - a scroll of acquirement {unknown}
Potions
 d - 2 potions of might
 e - a potion of lignification {unknown}
 l - 3 potions of resistance {unknown}
 m - 3 potions of berserk rage
 D - 2 potions of attraction
 N - a potion of heal wounds


   Skills:
 + Level 5.9 Fighting
 * Level 11.5 Axes
 + Level 1.2 Throwing
 + Level 6.4 Armour
 + Level 3.0 Dodging
 + Level 1.2 Stealth
 + Level 4.6 Shields
 - Level 1.1 Spellcasting


You had 10 spell levels left.
You didn't know any spells.
Your spell library contained the following spells:

 Spells                   Type           Power      Damage    Failure   Level
 Ensorcelled Hibernation  Hex/Ice        0%         N/A       75%         2
 Dazzling Flash           Conj/Hex       0%         N/A       92%         3
 Hailstorm                Conj/Ice       0%         3d3       92%         3
 Spider Form              Tmut/Pois      0%         N/A       92%         3
 Anguish                  Hex/Necr       0%         N/A       100%        4
 Ice Form                 Ice/Tmut       0%         N/A       100%        4
 Agony                    Necr           0%         N/A       100%        5
 Silence                  Hex/Air        0%         N/A       100%        5
 Simulacrum               Ice/Necr       Unusable   N/A       N/A         6

Dungeon Overview and Level Annotations

Branches:
Dungeon (6/15)              Sewer (visited)
 Temple: D:4-7

Altars:
Cheibriados
Fedhas
Gozag
Kikubaaqudgha
Uskayaw
Yredelemnul

Shops:
D:2 [


Message History

The shadow flickers and vanishes!
Deactivating autopickup; reactivate with Ctrl-A.
The shadow strikes at you from the darkness!
Reactivating autopickup.
The shadow hits you.
The shadow slips into darkness.
The shadow flickers and vanishes!
Deactivating autopickup; reactivate with Ctrl-A.
The hound barks!
The shadow strikes at you from the darkness!
* * * LOW HITPOINT WARNING * * *
Reactivating autopickup.
The shadow slips into darkness.
The shadow flickers and vanishes!
Deactivating autopickup; reactivate with Ctrl-A.
The hound pauses to sniff the ground.
There are monsters nearby!
Okay, then.
Unknown command.
What are your orders? t - Shout!
Orders for allies: a - Attack new target. r - Retreat! s - Stop attacking. g - Guard the area. f - Follow me.
Anything else - Cancel.
Okay, then.
Unknown command.
Unknown command.
Okay, then.
Okay, then.
Unknown command.
As you read the scroll of teleportation, it crumbles to dust.
You feel strangely unstable. The hound bites you.
* * * LOW HITPOINT WARNING * * *
The shadow strikes at you from the darkness!
* * * LOW HITPOINT WARNING * * *
Reactivating autopickup.
The hound attacks as you move away! The hound bites you.
You die...
Your body rises from the dead as a mindless zombie.

...... ...#..... # )
...#.... .##. #{
.#..... ###....
...#...... ####.......
..........###h@<......#
. ...#........W.....#.#
#...#..###..........#
#.........W..##..#
#...#..#.#......# .....
. ...#.#.#......# )#.#
.... ..#.#......# .#.
### .###.#......# #.#
.. #.#..?...#


You could see a wraith, a shadow and a hound.

Vanquished Creatures
  Grinder (D:4)
  Menkaure (D:3)
  3 water moccasins
  An orc warrior (D:4)
  2 sky beasts (D:6)
  An ogre (D:5)
  A centaur (D:6)
  A phantom (D:5)
  2 bullfrogs
  2 necrophages (D:4)
  A scorpion (D:4)
  5 killer bees
  A vampire bat (D:5)
  2 orc priests
  4 hounds
  Jessica (D:3)
  2 iguanas (D:5)
  4 orc wizards
  9 gnolls
  An adder (D:5)
  A river rat (D:3)
  2 ufetubi (D:6)
  A worm (D:2)
  2 dart slugs
  14 orcs
  12 bats
  4 bat skeletons (D:5)
  A bat zombie (D:5)
  8 endoplasms
  3 giant cockroaches
  11 hobgoblins
  3 jackals (D:3)
  3 kobolds
  4 quokkas
  9 ball pythons
  4 frilled lizards
  7 goblins
  8 rats
142 creatures vanquished.

Vanquished Creatures (collateral kills)
  A white imp (D:5)
  A bat zombie (D:5)
2 creatures vanquished.

Vanquished Creatures (others)
  2 killer bee zombies (D:5)
  2 hound zombies
  An iguana zombie (D:5)
  3 orc zombies
  A plant (D:2)
9 creatures vanquished.

Grand Total: 153 creatures vanquished

Notes
Turn   | Place    | Note
-------+----------+-------------------------------------------
     0 | D:1      | kingsuperguy the Hill Orc Fighter began the quest for the
                  | Orb.
     0 | D:1      | Reached XP level 1. HP: 19/19 MP: 1/1
    46 | D:1      | Reached skill level 3 in Axes
    46 | D:1      | Reached XP level 2. HP: 23/27 MP: 2/2
   771 | D:1      | Reached XP level 3. HP: 33/33 MP: 3/3
   912 | D:2      | Found Zulunwot's Armour Boutique.
  1414 | D:3      | Noticed Jessica
  1435 | D:3      | Killed Jessica
  1436 | D:3      | Reached skill level 4 in Axes
  1436 | D:3      | Reached skill level 1 in Spellcasting
  1436 | D:3      | Reached XP level 4. HP: 36/40 MP: 5/5
  1484 | D:3      | Found a glowing drain.
  1504 | Sewer    | Entered a sewer
  1550 | Sewer    | Noticed a water moccasin
  1567 | Sewer    | Killed a water moccasin
  1568 | Sewer    | Reached skill level 5 in Axes
  1568 | Sewer    | Reached XP level 5. HP: 5/46 MP: 6/6
  1569 | Sewer    | HP: 1/46 [poisoned by a water moccasin]
  1814 | D:3      | Reached skill level 6 in Axes
  1918 | D:3      | Reached XP level 6. HP: 48/53 MP: 7/7
  2154 | D:2      | Bought a +0 pair of boots for 63 gold pieces
  2829 | D:4      | Reached skill level 7 in Axes
  2829 | D:4      | Reached skill level 1 in Dodging
  2829 | D:4      | Reached XP level 7. HP: 36/60 MP: 8/8
  3176 | D:4      | Noticed Menkaure
  3620 | D:4      | Found a snail-covered altar of Cheibriados.
  3620 | D:4      | Found a basalt altar of Yredelemnul.
  3620 | D:4      | Noticed Grinder
  4518 | D:4      | Became a worshipper of Yredelemnul the Dark
  4894 | D:5      | Entered Level 5 of the Dungeon
  4913 | D:5      | Reached skill level 8 in Axes
  4979 | D:5      | Found a blossoming altar of Fedhas.
  5090 | D:5      | Reached skill level 5 in Fighting
  5121 | D:5      | Found a hide-covered altar of Uskayaw.
  5161 | D:5      | Reached * piety under Yredelemnul
  5222 | D:5      | Found an ancient bone altar of Kikubaaqudgha.
  5233 | D:5      | Reached XP level 8. HP: 67/68 MP: 9/9
  5280 | D:5      | Reached skill level 1 in Throwing
  5280 | D:5      | Reached skill level 1 in Stealth
  5303 | D:5      | Reached skill level 9 in Axes
  5993 | D:4      | Reached skill level 5 in Armour
  6191 | D:4      | Paralysed by Grinder for 4 turns
  6202 | D:3      | Killed Menkaure
  6235 | D:4      | Killed Grinder
  6236 | D:4      | Reached skill level 10 in Axes
  6684 | D:5      | Found an opulent altar of Gozag.
  6851 | D:6      | Noticed a cyclops
  6852 | D:6      | Noticed a shadow
  6855 | D:6      | Noticed a wraith
  6876 | D:5      | Reached XP level 9. HP: 46/74 MP: 10/10
  7430 | D:4      | Reached skill level 11 in Axes
  8695 | D:6      | HP: 1/75 [something (12)]
  8696 | D:6      | Slain by a hound

Illustrated notes

Levels and vault maps discovered:
D:1:      lightli_iron_boxes, layout_basic
D:2:      layout_rooms, serial_shops, shop, corexii_shack
D:3:      layout_basic, portal_sewer_entry_c, hangedman_decor_clover_reticule,
          uniq_jessica
D:4:      layout_gridville, jmf_multi_god_temple, uniq_grinder, uniq_menkaure
D:5:      layout_loops_ring, nicolae_overflow_hidden_temple,
          mainiacjoe_overflow_catch_the_wave, kennysheep_vampire_church,
          glass_columns_b
D:6:      cheibrodos_fzero, layout_rooms, nicolae_overflow_crystal_walls,
          mainiacjoe_overflow_alcove_4, minmay_temple_entry_grid,
          eino_small_chamber_without_monster, uniq_blork_the_orc

Skill      XL: |  1  2  3  4  5  6  7  8  9 |
---------------+----------------------------+-----
Axes           | 3 4 5 6 7 8 10 11 | 11.5
Fighting       | 4 5 |  5.9
Spellcasting   | 1 |  1.1
Armour         | 4 5 6 |  6.4
Dodging        | 1 2 3 |  3.0
Shields        | 4 |  4.6
Throwing       | 1 |  1.2
Stealth        | 1 |  1.2

Action                   |  1- 3 |  4- 6 |  7- 9 || total
-------------------------+-------+-------+-------++-------
Melee: War axe           |   105 |   129 |   322 ||   556
Throw: Stone             |       |       |    21 ||    21
       Dart              |       |       |     7 ||     7
  Use: Potion            |       |     3 |     4 ||     7
       Scroll            |       |       |     2 ||     2
Armor: Scale mail        |    32 |       |       ||    32
       Chain mail        |    17 |    31 |       ||    48
       Ring mail         |       |    31 |   184 ||   215
Dodge: Dodged            |    62 |    83 |   328 ||   473
Block: Buckler           |    23 |    27 |    94 ||   144

Table legend: (Time is in decaauts)
 A = Elapsed time spent in this place.
 B = Non-inter-level travel time spent in this place.
 C = Inter-level travel time spent in this place.
 D = Time resting spent in this place.
 E = Time spent auto-exploring this place.
 F = Levels seen in this place.
 G = Mean time per level.
                   A        B        C        D        E       F      G
               +--------+--------+--------+--------+--------+-----+--------+
         Total |   8824 |   6914 |   1910 |   1577 |   2430 |   7 | 1260.6 |
       Dungeon |   8569 |   6659 |   1910 |   1438 |   2418 |   6 | 1428.2 |
         Sewer |    255 |    255 |      0 |    139 |     12 |   1 |  255.0 |
               +--------+--------+--------+--------+--------+-----+--------+

Top non-repeatable levels by time:
     D:4: 2914 daAuts
     D:5: 2231 daAuts
     D:3: 1358 daAuts
     D:1: 921 daAuts
     D:2: 900 daAuts
   Sewer: 255 daAuts
     D:6: 242 daAuts
